 Dungeon Crawl Stone Soup version 0.30.1-11-g7821555f0a (webtiles) character file.

Game seed: 12280264115280278750

19 growler the Gusty (level 2, -3/15 HPs)
             Began as a Tengu Air Elementalist on Oct 29, 2023.
             Slain by Natasha (8 damage)
             ... on level 2 of the Dungeon.
             The game lasted 00:01:35 (1448 turns).

growler the Gusty (Tengu Air Elementalist)          Turns: 1448, Time: 00:01:35

Health: -3/15      AC:  3    Str:  8    XL:     2   Next: 75%
Magic:  2/6        EV: 12    Int: 15    God:
Gold:   92         SH:  0    Dex: 14    Spells: 4/5 levels left

rFire   . . .        o - +0 rapier
rCold   . . .        (no shield)
rNeg    . . .        a - +0 robe
rPois   .            (helmet restricted)
rElec   .            (no cloak)
rCorr   .            k - +0 pair of gloves
SInv    .            (boots unavailable)
Will    .....        (no amulet)
Stlth   ++           (no ring)
HPRegen 0.22/turn    (no ring)
MPRegen 0.10/turn

%: no passive effects
@: slowed, very slow
A: beak, talons 3
a: no special abilities


You were on level 2 of the Dungeon.
You visited 1 branch of the dungeon, and saw 2 of its levels.

You collected 92 gold pieces.

Inventory:

Hand Weapons
 o - a +0 rapier (weapon)
 q - a +0 dagger
Armour
 a - a +0 robe (worn)
 k - a +0 pair of gloves (worn)
Scrolls
 d - a scroll of enchant armour {unknown}
 e - a scroll of identify {unknown}
 f - a scroll of fog {unknown}
 g - a scroll of vulnerability {unknown}
 h - a scroll of torment {unknown}
 j - a scroll of amnesia {unknown}
 m - 2 scrolls of poison {unknown}
 p - a scroll of teleportation {unknown}
Potions
 b - 2 potions of magic
 c - a potion of resistance {unknown}
 i - 2 potions of brilliance {unknown}
 l - a potion of might {unknown}
 n - a potion of flight {unknown}


   Skills:
 - Level 2.1 Dodging
 - Level 2.0 Stealth
 + Level 2.3 Spellcasting
 + Level 2.3 Conjurations
 + Level 4.4 Air Magic


You had 4 spell levels left.
You knew the following spells:

 Your Spells              Type           Power      Damage    Failure   Level
a - Shock                 Conj/Air       48%        1d6       5%          1

Your spell library contained the following spells:

 Spells                   Type           Power      Damage    Failure   Level
 Static Discharge         Conj/Air       24%        2-3/arc   8%          2
 Magic Dart               Conj           32%        1d4       9%          1
 Swiftness                Air            15%        N/A       11%         3
 Summon Small Mammal      Summ           4%         N/A       22%         1
 Mephitic Cloud           Conj/Pois/Air  8%         N/A       26%         3
 Call Imp                 Summ           2%         N/A       32%         2
 Airstrike                Air            7%         2d(2-18)  34%         4
 Call Canine Familiar     Summ           1%         N/A       54%         3
 Summon Guardian Golem    Hex/Summ       1%         N/A       54%         3


Dungeon Overview and Level Annotations

Branches:
Dungeon (2/15)

Altars:

Annotations:
D:2 Natasha


Innate Abilities, Weirdness & Mutations

You have a beak for a mouth.
You have claws for feet.


Message History

The zap misses the rat.
The rat bites you.
You miscast Shock.
You are very lightly contaminated with residual magic.
Nothing appears to happen.
The rat bites you but does no damage.
The zap misses the rat.
The rat closely misses you.
The zap hits the rat.
You kill the rat!
Your magical contamination has completely faded away.
Found a scale mail.
You now have 92 gold pieces (gained 3).
Natasha and a rat come into view.
The zap hits the rat.
The rat is heavily wounded.
The zap hits Natasha but does no damage.
Natasha hisses angrily.
Natasha howls an incantation.
You feel disoriented.
The zap hits the rat.
You kill the rat!
Natasha casts a spell at you.
You feel yourself slow down.
The zap hits Natasha.
Natasha is lightly wounded.
The zap hits Natasha.
Natasha is lightly wounded.
Natasha claws you but does no damage. Natasha casts a spell at you.
The magic dart hits you!
Ouch! That really hurt!
Casting: Shock (safe; 5% risk of failure)
Confirm with . or Enter, or press ? or * to list all spells.
You don't know that spell.
Casting: Shock (safe; 5% risk of failure)
Confirm with . or Enter, or press ? or * to list all spells.
You don't know that spell.
You hit Natasha but do no damage. Your peck misses Natasha.
Natasha is lightly wounded.
Natasha claws you!
Ouch! That really hurt!
You die...

.###### ....... ###
....... #.# #......
#..
#......##.###########
.....................
#......##..#....[...#
......h@.............
##########.#........#
.# #.#........# .
....#####
#.#........# .
#.....###.#........#
. ####.....#........#
. #....##..#.########
. #....###.#.# .
######....# #...# #


You could see Natasha.

Vanquished Creatures
  2 ball pythons
  2 bats (D:1)
  5 endoplasms
  A giant cockroach (D:1)
  2 hobgoblins (D:2)
  2 frilled lizards (D:1)
  A goblin (D:2)
  3 rats
18 creatures vanquished.

Notes
Turn   | Place    | Note
-------+----------+-------------------------------------------
     0 | D:1      | growler the Tengu Air Elementalist began the quest for the
                  | Orb.
     0 | D:1      | Reached XP level 1. HP: 10/10 MP: 4/4
   429 | D:1      | Reached XP level 2. HP: 15/15 MP: 3/6
  1442 | D:2      | Noticed Natasha
  1448 | D:2      | Slain by Natasha

Illustrated notes

Levels and vault maps discovered:
D:1:      nicolae_arrival_somewhat_less_tricky_arrival, layout_loops_ring
D:2:      layout_basic, st_stairs_13, uniq_jessica, uniq_natasha

Skill      XL: |  1  2 |
---------------+-------+-----
Conjurations   | 2 |  2.3
Dodging        | |  2.1
Stealth        | |  2.0
Spellcasting   | |  2.3
Air Magic      | |  4.4

Action                     || total
---------------------------++-------
  Melee: Unarmed           ||     2
         Rapier            ||     1
         Kick              ||     1
   Cast: Shock             ||    46
 Armour: Robe              ||     4
  Dodge: Dodged            ||     7
